 Dungeon Crawl Stone Soup version 0.32-a0-576-g706899e69d (webtiles) character file.

Game seed: 1054222412057682141

158 BeKind the Trooper (level 5, -3/55 HPs)
             Began as an Octopode Fighter on Mar 2, 2024.
             Was an Initiate of Ashenzari.
             Slain by an orc
             ... wielding a +0 trident
              (6 damage)
             ... on level 3 of the Dungeon.
             The game lasted 00:02:55 (1274 turns).

BeKind the Trooper (Octopode Fighter)               Turns: 1274, Time: 00:02:56

Health: -3/55      AC: 22    Str: 21    XL:     5   Next: 39%
Magic:  5/5        EV:  2    Int: 10    God:    Ashenzari [......]
Gold:   98         SH:  5    Dex: 14    Spells: 4/4 levels left

rFire   . . .        a - +0 trident
rCold   . . .        b - +0 buckler
rNeg    . . .        (helmet currently unavailable)
rPois   +            (no amulet)
rElec   .            e - ring of resist corrosion
rCorr   +            i - +6 ring of strength
SInv    .            (no ring)
Will    .....        (no ring)
Stlth   +            (no ring)
HPRegen 0.29/turn    (no ring)
MPRegen 0.09/turn    (no ring)
                     (no ring)

%: no passive effects
@: tree-form
A: stationary, stasis, torment immunity, boosted hp, almost no armour,
(amphibious), 8 rings, (camouflage 1), (gelatinous body 1), (nimble swimmer 1),
(tentacles)
a: Renounce Religion


You were on level 3 of the Dungeon.
You worshipped Ashenzari.
Ashenzari was noncommittal.
You were a tree.
You visited 1 branch of the dungeon, and saw 3 of its levels.

You collected 98 gold pieces.

Inventory:

Hand Weapons
 a - a +0 trident (weapon)
Armour
 b - a +0 buckler (worn)
Jewellery
 e - a ring of resist corrosion (left branch)
 i - a +6 ring of strength (right branch)
 k - an amulet of the acrobat
Scrolls
 g - a scroll of immolation {unknown}
 h - a scroll of identify {unknown}
 l - a scroll of enchant weapon {unknown}
Potions
 c - 2 potions of might
 d - a potion of heal wounds {unknown}
 f - 2 potions of curing
 j - a potion of lignification


   Skills:
 + Level 4.0 Fighting
 + Level 3.1 Polearms
 + Level 3.9 Dodging
 + Level 3.8 Shields


You had 4 spell levels left.
You didn't know any spells.
Your spell library contained the following spells:

 Spells                   Type           Power      Damage    Failure   Level
 Ensorcelled Hibernation  Hex/Ice        0%         N/A       56%         2
 Fugue of the Fallen      Necr           0%         N/A       80%         3
 Tukima's Dance           Hex            0%         N/A       80%         3
 Anguish                  Hex/Necr       0%         N/A       99%         4
 Dimensional Bullseye     Hex/Tloc       0%         N/A       99%         4
 Iskenderun's Mystic Bla  Conj/Tloc      0%         2d3       99%         4


Dungeon Overview and Level Annotations

Branches:
Dungeon (3/15)

Altars:
Ashenzari


Innate Abilities, Weirdness & Mutations

You are a tree.
Your roots penetrate the ground, keeping you stationary.
You cannot be teleported.
You are immune to unholy pain and torment.
Your maximum health is greatly increased.
You cannot wear most types of armour.
((You are amphibious.))
You can wear up to eight rings at the same time.
((Your skin changes colour to match your surroundings (Stealth+).))
((Your rubbery body absorbs attacks. (AC +1, EV +1)))
((You are camouflaged when in or above water. (Stealth+)))
((You have tentacles for arms and can constrict up to eight enemies at once.))


Message History

The orc throws a stone.
The stone closely misses you.
The orc throws a stone.
You block the stone. The orc attacks as it pursues you!
The orc completely misses you. The orc attacks as it pursues you!
You block the orc's attack. The orc attacks as it pursues you!
The orc hits you from afar with a +0 trident!
* * * LOW HITPOINT WARNING * * *
It was a potion of curing.
You feel better.
The orc hits you from afar with a +0 trident.
* * * LOW HITPOINT WARNING * * *
It was a potion of lignification.
You turn into a tree.
Your roots penetrate the ground.
The orc hits you with a +0 dagger.
* * * LOW HITPOINT WARNING * * *
The orc throws a boomerang.
You block the boomerang.
You hit the orc.
The orc is heavily wounded.
The orc hits you but does no damage. x2; The orc throws a boomerang.
The boomerang hits you but does no damage.
You puncture the orc!
You kill the orc!
The orc hits you with a +0 dagger.
* * * LOW HITPOINT WARNING * * *
The orc hits you but does no damage.
Your Fighting skill increases to level 4!
You barely miss the orc. The orc hits you but does no damage.
The orc throws a boomerang.
You block the boomerang.
You completely miss the orc. The orc hits you but does no damage. x2
You closely miss the orc. The orc hits you with a +0 dagger.
* * * LOW HITPOINT WARNING * * *
The orc completely misses you. The orc hits you but does no damage.
You hit the orc.
The orc is severely wounded.
The orc hits you from afar with a +0 trident.
* * * LOW HITPOINT WARNING * * *
The orc hits you but does no damage. x2
You hit the orc but do no damage.
The orc is severely wounded.
The orc hits you but does no damage.
The orc hits you from afar with a +0 trident.
You die...

######+###... ##.#
#.#........#.. . #.# .
#.#........#.# .. #.#
..##.#........#.####.# #.#
#....................####.#
..................# #.)...
....>.............# #)##.#
......).$...?.....# #.##.#
......).o.♣.......## #.##..
.......$.o$........###)##.#
.......................##.#
...........................
..................#.#######
..................#... #
..................###..##
..................)......
<.................


You could see 2 orcs.

Vanquished Creatures
  3 orc priests (D:3)
  An adder (D:2)
  2 ribbon worms
  5 orcs (D:3)
  3 endoplasms (D:2)
  2 giant cockroaches
  6 goblins
  5 hobgoblins
  4 jackals
  3 kobolds
  4 quokkas
  3 ball pythons
  6 bats
  2 frilled lizards
  3 rats
52 creatures vanquished.

Notes
Turn   | Place    | Note
-------+----------+-------------------------------------------
     0 | D:1      | BeKind the Octopode Fighter began the quest for the Orb.
     0 | D:1      | Reached XP level 1. HP: 16/16 MP: 1/1
    64 | D:1      | Reached XP level 2. HP: 19/21 MP: 2/2
   411 | D:2      | Reached XP level 3. HP: 26/26 MP: 3/3
   697 | D:2      | Found a broken altar of Ashenzari.
   724 | D:2      | Became a worshipper of Ashenzari the Shackled
   882 | D:2      | Reached XP level 4. HP: 31/31 MP: 4/4
  1260 | D:3      | Reached XP level 5. HP: 19/37 MP: 5/5
  1270 | D:3      | Reached skill level 4 in Fighting
  1274 | D:3      | Slain by an orc

Illustrated notes

Levels and vault maps discovered:
D:1:      minmay_arrival_up_and_down, layout_rooms
D:2:      minmay_angry_zag, layout_loops_ring, basic_altar
D:3:      layout_basic, nicolae_gozag_seed_capital, serial_shops,
          nicolae_shop_advertising_works [nicolae_subvault_shop_adworks]

Skill      XL: |  1  2  3  4  5 |
---------------+----------------+-----
Polearms       | 3 |  3.1
Fighting       | 4 |  4.0
Dodging        | |  3.9
Shields        | |  3.8

Action                     |  1- 3 |  4- 6 || total
---------------------------+-------+-------++-------
  Melee: Trident           |    71 |    27 ||    98
         Constrict         |    16 |     8 ||    24
         Tentacles         |     9 |     3 ||    12
    Use: Potion            |       |     2 ||     2
   Stab: Sleeping          |    11 |       ||    11
 Armour: Skin              |    18 |    21 ||    39
  Dodge: Dodged            |    21 |     9 ||    30
  Block: Buckler           |     8 |     6 ||    14

Table legend: (Time is in decaauts)
 A = Elapsed time spent in this place.
 B = Non-inter-level travel time spent in this place.
 C = Inter-level travel time spent in this place.
 D = Time resting spent in this place.
 E = Time spent auto-exploring this place.
 F = Levels seen in this place.
 G = Mean time per level.
                   A        B        C        D        E       F      G
               +--------+--------+--------+--------+--------+-----+--------+
         Total |   1292 |   1263 |     29 |      0 |    939 |   3 |  430.7 |
       Dungeon |   1292 |   1263 |     29 |      0 |    939 |   3 |  430.7 |
               +--------+--------+--------+--------+--------+-----+--------+

Top non-repeatable levels by time:
     D:2: 704 daAuts
     D:1: 393 daAuts
     D:3: 193 daAuts
